 Dungeon Crawl Stone Soup version 0.31-a0-507-gbafd7f5274 (webtiles) character file.

Game seed: 4850996865601619815

2048 Anon1729 the Trooper (level 9, -4/62 (71) HPs)
             Began as a Minotaur Monk on Aug 9, 2023.
             Was a Priest of Hepliaklqana.
             Slain by Jeremiah
             ... wielding a +2 glaive of draining
              (13 damage)
             ... on level 7 of the Dungeon.
             The game lasted 00:03:38 (5092 turns).

Anon1729 the Trooper (Minotaur Monk)                Turns: 5092, Time: 00:03:39

HP:   -4/62 (71)    AC:  7    Str: 15    XL:     9   Next: 4%
MP:   11/11         EV: 16    Int:  7    God:    Hepliaklqana [***...]
Gold: 298           SH:  0    Dex: 18    Spells: 8/8 levels left

rFire   . . .        o - +1 dagger (venom)
rCold   . . .        d - orb {light}
rNeg    . . .        b - +0 robe
rPois   .            (helmet restricted)
rElec   .            y - +0 cloak
rCorr   .            z - +0 pair of gloves
SInv    .            E - +1 pair of boots
Will    .....        (no amulet)
Stlth   +            C - +4 ring of slaying
HPRegen 0.30/turn    (no ring)
MPRegen 0.12/turn

%: no passive effects
@: confused, ambrosia-drunk, glowing, heavily drained
A: reduced essence, horns 2, retaliatory headbutt
a: Renounce Religion, Recall Ancestor, Ancestor Identity, Transference


You were on level 7 of the Dungeon.
You worshipped Hepliaklqana.
Hepliaklqana was most pleased with you.
You visited 1 branch of the dungeon, and saw 7 of its levels.

You collected 298 gold pieces.

Inventory:

Hand Weapons
 a - a +0 falchion
 o - a +1 dagger of venom (weapon)
Missiles
 D - a throwing net
Armour
 b - a +0 robe (worn)
 d - an orb of light (worn)
 y - a +0 cloak (worn)
 z - a +0 pair of gloves (worn)
 E - a +1 pair of boots (worn)
Jewellery
 C - a +4 ring of slaying (left hand)
Scrolls
 g - a scroll of torment {unknown}
 h - a scroll of enchant armour {unknown}
 j - 9 scrolls of identify {unknown}
 k - a scroll of fog {unknown}
 n - a scroll of silence {unknown}
 p - a scroll of summoning {unknown}
 r - a scroll of noise {unknown}
 t - a scroll of fear {unknown}
 v - a scroll of revelation {unknown}
 w - 3 scrolls of teleportation {unknown}
 x - 2 scrolls of enchant weapon {unknown}
 A - a scroll of amnesia {unknown}
 B - a scroll of blinking {unknown}
Potions
 e - 4 potions of attraction {unknown}
 f - 2 potions of brilliance {unknown}
 i - a potion of mutation {unknown}
 l - 2 potions of berserk rage {unknown}
 m - 5 potions of curing {unknown}
 q - a potion of resistance {unknown}
 s - a potion of haste {unknown}
 u - 2 potions of might {unknown}


   Skills:
 + Level 7.4 Fighting
 + Level 5.4(6.0) Short Blades
 - Level 4.2(5.7) Long Blades
 + Level 6.3 Armour
 + Level 6.8 Dodging
 + Level 4.4 Invocations


You had 8 spell levels left.
You didn't know any spells.
Your spell library contained the following spells:

 Spells                   Type           Power      Damage    Failure   Level
 Ensorcelled Hibernation  Hex/Ice        0%         N/A       56%         2
 Ozocubu's Armour         Ice            0%         N/A       80%         3
 Vhi's Electric Charge    Tloc/Air       0%         N/A       80%         3
 Anguish                  Hex/Necr       0%         N/A       99%         4
 Arcjolt                  Conj/Air       0%         1d10      100%        5
 Plasma Beam              Fire/Air       0%         2x1d10    100%        6
 Ozocubu's Refrigeration  Ice            0%         4d7       100%        7


Dungeon Overview and Level Annotations

Branches:
Dungeon (7/15)
 Temple: D:4-7

Altars:
Cheibriados
Fedhas
Hepliaklqana
Kikubaaqudgha
Makhleb
Qazlal
Ru
Xom
The Shining One

Shops:
D:2 (   D:5 [   D:6 (

Annotations:
D:7 Jeremiah


Innate Abilities, Weirdness & Mutations

Your life essence is reduced to manifest your ancestor. (-10% HP)
You have a pair of horns on your head.
You reflexively headbutt those who attack you in melee.


Message History

Something smites you!
* * * LOW HITPOINT WARNING * * *
You see here a hound corpse.
There is a stone staircase leading up here.
You start resting.
The butterfly disappears in a burst of colours!
You start resting.
The butterfly disappears in a burst of colours!
You see here a hound corpse.
You hit the butterfly.
You kill the butterfly!
The butterfly disappears in a burst of colours! x2
Jeremiah barely misses you.
You hit the butterfly.
You kill the butterfly!
The butterfly disappears in a burst of colours!
Jeremiah hits you from afar with a +2 glaive of draining!
You feel drained.
You closely miss the butterfly. Your headbutt misses the butterfly.
The butterfly disappears in a burst of colours!
Jeremiah barely misses you.
You hit the butterfly.
You kill the butterfly!
The butterfly disappears in a burst of colours!
Jeremiah hits you from afar with a +2 glaive of draining!
* * * LOW HITPOINT WARNING * * *
You feel drained.
* * * LOW HITPOINT WARNING * * *
You aren't carrying any items that you can evoke.
You are confused.
You feel invigorated.
Jeremiah hits you from afar with a +2 glaive of draining.
* * * LOW HITPOINT WARNING * * *
You feel drained.
* * * LOW HITPOINT WARNING * * *
You bump into the rock wall.
The butterfly disappears in a burst of colours!
Jeremiah wails, "It wants to be free!
It wants to enslave everyone!"
Jeremiah hits you from afar with a +2 glaive of draining!
You die...

#.$..###
#......#
#b..b#.#
#...b# #
#b####
#b#
#F####
#b##<#
#@##.#
#..†.#
######


You could see Jeremiah.

Vanquished Creatures
  Grinder (D:3)
  Edmund (D:6)
  A black bear (D:6)
  2 centaurs
  Blork the orc (D:6)
  3 scorpions
  8 hounds
  A jelly (D:6)
  An iron imp (D:6)
  2 iguanas
  A sleepcap (D:5)
  Robin (D:2)
  An ufetubus (D:4)
  A worm (D:2)
  3 dart slugs
  3 orcs
  2 endoplasms
  2 giant cockroaches
  13 goblins
  8 hobgoblins
  6 jackals
  6 kobolds
  A quokka (D:2)
  7 ball pythons
  3 bats
  2 frilled lizards
  8 rats
89 creatures vanquished.

Vanquished Creatures (collateral kills)
  Sigmund (D:6)
  An ice beast (D:6)
  An ogre (D:5)
  A phantom (D:6)
  2 bullfrogs (D:6)
  A scorpion (D:5)
  A hound (D:5)
  A jelly (D:6)
  2 iron imps (D:6)
  2 sleepcaps (D:6)
  A dart slug (D:5)
  3 orcs
  A jackal (D:5)
18 creatures vanquished.

Vanquished Creatures (others)
  A battlemage (D:7)
1 creature vanquished.

Grand Total: 108 creatures vanquished

Notes
Turn   | Place    | Note
-------+----------+-------------------------------------------
     0 | D:1      | Anon1729 the Minotaur Monk began the quest for the Orb.
     0 | D:1      | Reached XP level 1. HP: 19/19 MP: 0/0
    89 | D:1      | Reached XP level 2. HP: 16/27 MP: 1/1
   191 | D:1      | Reached skill level 1 in Armour
   648 | D:2      | Reached skill level 4 in Fighting
   648 | D:2      | Reached XP level 3. HP: 33/33 MP: 2/2
   749 | D:2      | Found Xisogy Koth's Antique Weapon Shop.
   836 | D:2      | Noticed Robin
   844 | D:2      | HP: 1/33 [goblin/+0 club[Robin] (3)]
   861 | D:2      | Killed Robin
  1368 | D:3      | Reached XP level 4. HP: 40/40 MP: 3/3
  1370 | D:3      | Found a shimmering altar of Xom.
  1388 | D:3      | Noticed Grinder
  1547 | D:3      | Noticed a scorpion
  1554 | D:3      | Killed a scorpion
  1555 | D:3      | Reached skill level 1 in Short Blades
  1755 | D:3      | You fall into a shaft and drop 2 floors!
  1755 | D:5      | Entered Level 5 of the Dungeon
  1760 | D:4      | Noticed a scorpion
  1765 | D:4      | Killed a scorpion
  1766 | D:4      | Reached XP level 5. HP: 47/47 MP: 4/4
  2121 | D:4      | Reached skill level 5 in Fighting
  2350 | D:4      | Found a hazy altar of Hepliaklqana.
  2572 | D:4      | Reached XP level 6. HP: 56/56 MP: 5/5
  2663 | D:4      | Became a worshipper of Hepliaklqana the Forgotten
  2663 | D:4      | Reached * piety under Hepliaklqana
  2663 | D:4      | Reached ** piety under Hepliaklqana
  2664 | D:4      | Remembered your ancestor Senakhtenre as a battlemage
  2736 | D:5      | Reached skill level 1 in Invocations
  2914 | D:5      | Found a blossoming altar of Fedhas.
  2915 | D:5      | Found an ancient bone altar of Kikubaaqudgha.
  2921 | D:5      | Reached skill level 5 in Dodging
  2925 | D:5      | Reached XP level 7. HP: 45/54 MP: 7/7
  2989 | D:5      | Found Gian Huck's Antique Armour Boutique.
  3195 | D:5      | Found a glowing golden altar of the Shining One.
  3472 | D:6      | Reached skill level 6 in Fighting
  3542 | D:6      | Found Xoatumea's Weapon Emporium.
  3640 | D:6      | Reached XP level 8. HP: 38/63 MP: 9/9
  3723 | D:6      | Noticed Blork the orc
  3728 | D:6      | Killed Blork the orc
  3729 | D:6      | Reached skill level 5 in Armour
  3739 | D:6      | Noticed Edmund
  3749 | D:6      | Killed Edmund
  3864 | D:6      | Noticed Sigmund
  3873 | D:6      | Killed Sigmund
  3874 | D:6      | Reached skill level 7 in Fighting
  3938 | D:6      | Found a burning altar of Makhleb.
  3957 | D:6      | Reached skill level 5 in Short Blades
  4235 | D:6      | Reached *** piety under Hepliaklqana
  4335 | D:6      | Found a sacrificial altar of Ru.
  4542 | D:3      | Killed Grinder
  4543 | D:3      | Reached XP level 9. HP: 67/71 MP: 11/11
  4567 | D:3      | Found a stormy altar of Qazlal.
  4783 | D:3      | Found a snail-covered altar of Cheibriados.
  4993 | D:7      | Noticed Jeremiah
  5092 | D:7      | Slain by Jeremiah

Illustrated notes

Levels and vault maps discovered:
D:1:      spicycebolla_arrival_ecumenical, layout_rooms
D:2:      layout_loops_ring, serial_shops, nicolae_lakefront_shop, uniq_robin
D:3:      layout_basic, xom_teletrap_fun, mainiacjoe_overflow_six_doors_small,
          mainiacjoe_overflow_surrounded_room, uniq_grinder
D:4:      layout_basic, nzn_hepliaklqana_mist_gate
D:5:      layout_basic, grunt_temple_overflow_growth_and_decay,
          tso_oasis_becter, serial_shops, shop, minmay_misc_feat_pillars
D:6:      layout_basic, demons_altar, mainiacjoe_overflow_alcove_1,
          nicolae_wooded_promenade, uniq_edmund, uniq_blork_the_orc,
          uniq_sigmund
D:7:      kennysheep_spiral_hall, layout_basic, minmay_temple_entry_grid,
          uniq_jeremiah

Skill      XL: |  1  2  3  4  5  6  7  8 |
---------------+-------------------------+-----
Armour         | 1 2 3 4 6 |  6.3
Fighting       | 4 5 6 7 |  7.4
Long Blades    | 4 |  4.2
Short Blades   | 1 2 3 4 5 |  5.4
Dodging        | 4 5 6 |  6.8
Invocations    | 2 3 4 |  4.4

Action                     |  1- 3 |  4- 6 |  7- 9 || total
---------------------------+-------+-------+-------++-------
  Melee: Falchion          |    66 |       |       ||    66
         Headbutt          |    11 |    17 |    25 ||    53
         Dagger            |     8 |    80 |    94 ||   182
 Invoke: Ancestor Life: Ba |       |     1 |       ||     1
    Use: Potion            |     1 |       |     1 ||     2
   Stab: Distracted        |       |       |     1 ||     1
 Armour: Robe              |     9 |    12 |    11 ||    32
  Dodge: Dodged            |    50 |    73 |    62 ||   185

Table legend: (Time is in decaauts)
 A = Elapsed time spent in this place.
 B = Non-inter-level travel time spent in this place.
 C = Inter-level travel time spent in this place.
 D = Time resting spent in this place.
 E = Time spent auto-exploring this place.
 F = Levels seen in this place.
 G = Mean time per level.
                   A        B        C        D        E       F      G
               +--------+--------+--------+--------+--------+-----+--------+
         Total |   5063 |   4571 |    492 |    107 |   3829 |   7 |  723.3 |
       Dungeon |   5063 |   4571 |    492 |    107 |   3829 |   7 |  723.3 |
               +--------+--------+--------+--------+--------+-----+--------+

Top non-repeatable levels by time:
     D:4: 994 daAuts
     D:6: 966 daAuts
     D:3: 879 daAuts
     D:2: 784 daAuts
     D:5: 770 daAuts
     D:1: 563 daAuts
     D:7: 104 daAuts
